[Event "*** Titled Tuesday Blitz"]
[Site "Chess.com"]
[Date "2020.05.19"]
[Round "4"]
[White "GoltsevDmitry2000"]
[Black "BabyBoss31"]
[Result "1-0"]
[WhiteElo "2573"]
[BlackElo "2342"]
[TimeControl "180+1"]
[EndTime "12:42:04 PDT"]
[Termination "GoltsevDmitry2000 won by resignation"]

1. e4 e6 2. Nf3 d5 3. exd5 exd5 4. d4 Bd6 5. Bd3 Ne7 6. h3 O-O 7. O-O Bf5 8. Re1 Nbc6 9. c3 Qd7 10. Bg5 f6 11. Bh4 Rae8 12. Bg3 Bxg3 13. fxg3 Bxd3 14. Qxd3 Nf5 15. g4 Rxe1+ 16. Nxe1 Re8 17. Nd2 Nd6 18. Nc2 f5 19. gxf5 Qxf5 20. Qxf5 Nxf5 21. Re1 Rxe1+ 22. Nxe1 Kf7 23. Kf2 Ke6 24. Nd3 b6 25. g4 Nfe7 26. Ke3 Ng6 27. Nf3 h6 28. h4 Nce7 29. h5 Nf8 30. Nf4+ Kf6 31. Ne5 Ne6 32. Nh3 Ng5 33.
Nf2 Nc8 34. Nc6 a5 35. Nd3 Nd6 36. Nf4 Nc4+ 37. Ke2 Nxb2 38. Nxd5+ Ke6 39. Nf4+ Kf6 40. Ne5 Ne4 41. Nd5+ Kg5 42. Kf3 Nd2+ 43. Kg3 Ne4+ 44. Kf3 Nd2+ 45. Kg2 Nbc4 46. Nxc7 Ne3+ 47. Kg3 Ndf1+ 48.
Kf3 Nc2 49. Nd5 Nd2+ 50. Ke2 Ne4 51. Nxb6 Nxc3+ 52. Kd3 Nxd4 53. Kxc3 Ne6 54. Nd5 Nf4 55. Kd4 Nxd5 56. Kxd5 Kf4 57. Ke6 a4 58. Kf7 a3 59.
Kxg7 Kxe5 60. Kxh6 Kd4 61. g5 Kc3 62. g6 Kb2 63. g7 Kxa2 64. g8=Q+ Ka1 65. Qa8 a2 66. Kg7 Kb1 67. h6 a1=Q+ 68. Qxa1+ Kxa1 69. h7 Kb2 70. h8=Q Ka1 71. Qh2 Kb1 72. Kf6 Kc1 73. Ke5 Kd1 74.
Kd4 1-0

[Event "*** Titled Tuesday Blitz"]
[Site "Chess.com"]
[Date "2020.05.19"]
[Round "4"]
[White "BlackBoarder"]
[Black "Caterpiller35"]
[Result "1/2-1/2"]
[WhiteElo "2599"]
[BlackElo "2347"]
[TimeControl "180+1"]
[EndTime "12:42:04 PDT"]
[Termination "Game drawn by stalemate"]

1. e4 c5 2. Nf3 Nc6 3. Bb5 g6 4. Bxc6 bxc6 5. O-O Bg7 6. c3 Nf6 7. Re1 O-O 8. d4 d5 9. e5 Ne4 10. h3 f6 11. exf6 exf6 12. Nbd2 f5 13. dxc5 Qe7 14. Nb3 a5 15. Bg5 Qa7 16. Be3 a4 17. Nbd4 Bd7 18. Qc2 f4 19. Bd2 Qxc5 20. Qd3 a3 21. b4 Qa7 22. Rad1 Qa6 23. Qxa6 Rxa6 24. Nb3 Nxd2 25. Nfxd2 Bxc3 26. Nc5 Ra7 27. Re7 Bxb4 28. Ndb3 Bg4 29. Rxa7 Bxd1 30. Rb7 Bxb3 31. Nxb3 c5 32. Rd7 d4 33. Rb7 Re8 34. Nxd4 Re1+ 35. Kh2 cxd4 36. Rxb4 Rd1 37. Rb3 Rd2 38. Rxa3 Rxf2 39. Rd3 Rxa2 40. Rxd4 f3 41. Rg4 Rxg2+ 42. Rxg2 fxg2 43.
Kxg2 Kf7 44. Kf3 Kf6 45. Kf4 g5+ 46. Ke4 h5 47. Kd4 Kf5 48. Ke3 Ke5 49. Kf3 Kf5 50.
Ke3 Ke6 51. Ke4 Kf6 52. Kd4 h4 53. Ke4 Ke6 54. Ke3 Ke5 55. Kf3 Kf5 56. Ke3 g4 57. hxg4+ Kxg4 58. Kf2 h3 59. Kg1 h2+ 60. Kh1 Kh3 1/2-1/2

[Event "*** Titled Tuesday Blitz"]
[Site "Chess.com"]
[Date "2020.05.19"]
[Round "4"]
[White "H3nriqueTV"]
[Black "ErikRonka"]
[Result "0-1"]
[WhiteElo "2110"]
[BlackElo "2380"]
[TimeControl "180+1"]
[EndTime "12:42:05 PDT"]
[Termination "ErikRonka won by resignation"]

1. e4 c6 2. Nc3 d5 3. Qf3 e6 4. d4 dxe4 5. Qxe4 Nf6 6. Qd3 c5 7.
dxc5 Qxd3 8. Bxd3 Bxc5 9. Nf3 Nc6 10. a3 O-O 11. O-O b6 12. Bg5 Bb7 13. Rad1 Rac8 14. Ne4 Nxe4 15. Bxe4 h6 16. Bf4 Rfd8 17. Ne5 Na5 18.
Bd3 Bd6 19. b4 Nc6 20. Nxc6 Rxc6 21. Be4 Rc4 22. Bxb7 Rxf4 23. f3 Rc4 24. Rd2 Bc5+ 25. bxc5 Rxd2 26. c6 Rdxc2 27. Rd1 Rxc6 28. Bxc6 Rxc6 29.
Rd8+ Kh7 30. Rd7 a6 31. Rxf7 Rc3 32. a4 Rc4 33. a5 bxa5 34. Ra7 Rc6 35. Kf2 a4 36.
Rb7 Rc5 37. Rb4 Ra5 38. Rb2 a3 39. Ra2 Kg6 40. Ke3 Kf5 41. h3 Ke5 42. g3 Kd5 43.
Kd3 e5 44. Kc3 g5 45. Kd3 Ra4 46. h4 gxh4 47. gxh4 h5 48. Kc3 e4 49. fxe4+ Kxe4 50. Kb3 Ra5 51. Kb4 Rb5+ 52. Ka4 Kf4 53. Rxa3 Kg4 54.
Rd3 Kxh4 55. Rd6 Rg5 56. Rxa6 Kh3 57. Kb4 h4 58. Ra3+ Rg3 59. Ra2 Rd3 60. Kc4 Rd8 61. Kc3 Kg3 62. Kc4 h3 63. Ra3+ Kh4 64. Ra7 h2 65.
Rh7+ Kg3 66. Rg7+ Kf2 67. Rh7 Kg1 68. Rg7+ Kh1 69. Rh7 Rd1 70. Kc3 Rg1 71. Kd2 Rg2+ 72. Ke3 Kg1 73. Rb7 h1=Q 74. Rb1+ Kh2 75. Rxh1+ Kxh1 76. Kf3 0-1

[Event "*** Titled Tuesday Blitz"]
[Site "Chess.com"]
[Date "2020.05.19"]
[Round "4"]
[White "JoakimVonAnd"]
[Black "GMartin_Petrov"]
[Result "0-1"]
[WhiteElo "2448"]
[BlackElo "2615"]
[TimeControl "180+1"]
[EndTime "12:42:06 PDT"]
[Termination "GMartin_Petrov won by resignation"]

1. d4 Nf6 2. c4 e6 3. Nc3 Bb4 4. e3 O-O 5. Bd3 d5 6. Nf3 c5 7. cxd5 exd5 8. dxc5 Nbd7 9. O-O Nxc5 10. Be2 Bf5 11. Bd2 Nd3 12. Qb3 Be7 13. Nd4 Nc5 14. Qd1 Bg6 15. Bf3 Rc8 16. Nce2 Nfe4 17. Bb4 b6 18. Nf4 Qd7 19. Nb3 Rfd8 20. Rc1 Bf6 21.
Ba3 Bf5 22. Nd4 Be6 23. b4 Nb7 24. Bxe4 dxe4 25. Ndxe6 Rxc1 26. Qxc1 fxe6 27. Qc4 Nd6 28. Qxe6+ Qxe6 29. Nxe6 Rc8 30. Nd4 Bxd4 31. exd4 Rc2 32. d5 Rxa2 33. Bc1 Ra1 34. Bf4 Rxf1+ 35. Kxf1 Nb5 36.
Ke2 Nc3+ 37. Kd2 Nxd5 38. Bb8 Nxb4 39. Bxa7 Nd5 40. Bb8 Kf7 41. Be5 g6 42. Bd4 Ke6 43. f3 exf3 44. gxf3 Kf5 45. Ke2 b5 46. h4 Nf4+ 47. Kf2 b4 48. Bh8 b3 49. Kg3 Nd3 50. h5 gxh5 51. Kh4 Kg6 52. Bd4 b2 53. Bxb2 Nxb2 54.
f4 Nd3 55. f5+ Kh6 56. f6 Ne5 57. Kh3 Kg5 58. Kg3 Kxf6 59. Kh4 Kg6 60. Kh3 Kg5 61. Kg3 Ng6 62. Kh3 h4 63. Kh2 Nf4 64. Kg1 Kg4 65.
Kh2 h3 66. Kh1 Kg3 67. Kg1 Nd3 68. Kh1 Nf2+ 69. Kg1 h2+ 70. Kf1 h1=Q+ 71. Ke2 0-1

[Event "*** Titled Tuesday Blitz"]
[Site "Chess.com"]
[Date "2020.05.19"]
[Round "4"]
[White "Robert_Chessmood"]
[Black "PlotnikovPavel"]
[Result "1-0"]
[WhiteElo "2896"]
[BlackElo "2479"]
[TimeControl "180+1"]
[EndTime "12:42:06 PDT"]
[Termination "Robert_Chessmood won by resignation"]

1. e4 e6 2. d4 d5 3. Nc3 Nf6 4. Bg5 Be7 5. e5 Ng8 6. h4 Bxg5 7. hxg5 Qxg5 8. Nh3 Qd8 9. Nf4 Ne7 10. Qg4 Nf5 11.
Bd3 g6 12. Bxf5 exf5 13. Qg3 Be6 14. Nxe6 fxe6 15. Qxg6+ hxg6 16. Rxh8+ Kd7 17. Rxd8+ Kxd8 18. Ne2 Ke7 19. Kd2 Nd7 20. Rh1 Nf8 21. a4 Kf7 22. a5 Rc8 23. b4 Kg7 24. Nf4 Re8 25. Rh3 Re7 26. b5 Nh7 27. b6 axb6 28. axb6 Ng5 29. Rb3 c5 30. f3 cxd4 31. Rb4 Nf7 32. Nd3 Re8 33. f4 Rc8 34. Rxd4 Rc6 35. Rb4 g5 36. g3 gxf4 37. gxf4 Kf8 38. Rb5 Ke7 39. Nb4 Rc4 40. Nd3 Nd8 41. Rb1 Rc6 42. c3 Kd7 43.
Rb5 Kc8 44. Rb3 Kd7 45. Ke3 Rc4 46. Ne1 Kc6 47. Nc2 Kd7 48. Nd4 Nc6 49. Nb5 Na5 50. Rb1 Rc5 51. Kd3 Nc4 52. Rb3 Nxb6 53. Nd4 Nc4 54. Rxb7+ Kc8 55. Re7 Nb2+ 56. Kc2 Na4 57. Nxe6 Rxc3+ 58. Kd2 Rf3 59. Rf7 Nb6 60. Rxf5 Nc4+ 61.
Ke2 Re3+ 62. Kf2 Re4 63. Nc5 Rd4 64. Rf8+ Kc7 65. Ne6+ Kd7 66. Nxd4 Ke7 67. Rh8 Nxe5 68. fxe5 1-0

[Event "*** Titled Tuesday Blitz"]
[Site "Chess.com"]
[Date "2020.05.19"]
[Round "4"]
[White "LionTheLeon_06"]
[Black "mishikomchedlishvili"]
[Result "1-0"]
[WhiteElo "2690"]
[BlackElo "2850"]
[TimeControl "180+1"]
[EndTime "12:42:07 PDT"]
[Termination "LionTheLeon_06 won by resignation"]

1. Nf3 g6 2. g3 Bg7 3. d4 Nf6 4. Bg2 d6 5. b3 O-O 6. Bb2 a5 7. a4 Nc6 8. O-O Bf5 9. Nbd2 Qd7 10. Re1 Bh3 11. Bh1 d5 12. Ne5 Nxe5 13. dxe5 Ng4 14. Nf3 h6 15. e4 e6 16. exd5 exd5 17. c4 c6 18. cxd5 cxd5 19. Qd2 Rfe8 20. Rad1 Rac8 21. Qxd5 Qxd5 22. Rxd5 Rc2 23. Rd2 Rec8 24. Bd4 Rxd2 25. Nxd2 Rc2 26. Nc4 Bf8 27. Bxb7 Bb4 28. Rd1 h5 29.
Bg2 Bxg2 30. Kxg2 Nh6 31. Bb6 Nf5 32. Rd3 g5 33. Nxa5 h4 34. Nc4 g4 35. gxh4 Nxh4+ 36. Kg3 Nf3 37. a5 Ra2 38. Kxg4 Ne1 39. Rd1 Nc2 40. Kf5 Bc3 41. Rd8+ Kg7 42. e6 fxe6+ 43. Kxe6 Ra1 44. Rd7+ Kg6 45. Kd5 Rd1+ 46. Kc6 Nb4+ 47. Kc7 Na6+ 48. Kc8 Re1 49. Kb7 Nb4 50. a6 Nxa6 51.
Kxa6 Rb1 52. Rd6+ Kf5 53. Rd5+ Ke4 54. Rb5 Ra1+ 55. Kb7 Kd3 56. Nd6 Re1 57. Rd5+ Kc2 58.
Rb5 Re7+ 59. Kc6 Re6 60. Bc5 Rg6 61. Rb8 Rg5 62. b4 Kb3 63. b5 Be5 64. b6 Rg6 65. b7 1-0

[Event "*** Titled Tuesday Blitz"]
[Site "Chess.com"]
[Date "2020.05.19"]
[Round "4"]
[White "Korona_91"]
[Black "tigra"]
[Result "1-0"]
[WhiteElo "2543"]
[BlackElo "2749"]
[TimeControl "180+1"]
[EndTime "12:42:07 PDT"]
[Termination "Korona_91 won by checkmate"]

1. e4 c5 2. Nf3 Nc6 3. b3 Nf6 4. e5 Nd5 5. c4 Nc7 6. Bb2 Ne6 7. Be2 g6 8. O-O Bg7 9. Re1 O-O 10. Bf1 d6 11. Na3 dxe5 12. Nxe5 Nxe5 13. Bxe5 Bxe5 14. Rxe5 b6 15. Nc2 Bb7 16. Qe2 Qd6 17. Rd1 Rad8 18. Qe3 Rfe8 19. f4 Ng7 20. Qc3 Nf5 21.
g3 Qc6 22. Kf2 Qh1 23. Rxf5 Qxh2+ 24. Ke1 gxf5 25. d4 Bf3 26. Rd2 Qxg3+ 27. Rf2 Qxf4 28. Rxf3 Qc1+ 29. Kf2 cxd4 30. Qd3 e6 31. Rg3+ Kf8 32. Be2 Qb2 33. Qd2 Ke7 34. Qb4+ Kd7 35. Qb5+ Kc7 36. Nb4 Rd7 37. Qc6+ Kd8 38. Qa8+ Ke7 39. Nc6+ Kd6 40. Qxe8 f4 41. Rd3 Kxc6 42. Qc8+ Kd6 43. Qb8+ Ke7 44. Qxf4 f6 45. Qh6 e5 46. Qxh7+ Kd6 47. Qf5 Rf7 48. Qg6 Ke7 49. Qe4 Qxa2 50. Rxd4 Qa3 51. Qb7+ Kf8 52. Rd8+ Kg7 53. Qg2+ Kh6 54.
Qh3+ Kg5 55. Qg3+ Kf5 56. Qg4# 1-0

[Event "*** Titled Tuesday Blitz"]
[Site "Chess.com"]
[Date "2020.05.19"]
[Round "4"]
[White "S_Kalvaitis"]
[Black "Vuk2000"]
[Result "0-1"]
[WhiteElo "2344"]
[BlackElo "2614"]
[TimeControl "180+1"]
[EndTime "12:42:08 PDT"]
[Termination "Vuk2000 won by checkmate"]

1. d4 Nf6 2. Nf3 e6 3. Bf4 d5 4.
e3 Bd6 5. Bg3 O-O 6. Bd3 c5 7.
c3 Nc6 8. Nbd2 Qe7 9. Ne5 Bxe5 10. dxe5 Nd7 11. f4 f5 12. Nf3 c4 13. Be2 b5 14.
h4 Nc5 15. h5 h6 16. Bh4 Qc7 17. Nd4 b4 18. Bf3 Nd3+ 19. Kf1 Nxb2 20. Qe2 bxc3 21. Nb5 Qa5 22. Nd6 Bd7 23. g4 d4 24. gxf5 Nxe5 25. fxe5 Qxe5 26. Be7 Rxf5 27. Nxf5 Qxf5 28. Kg2 d3 29. Qf2 Re8 30. Bh4 Rf8 31. Rab1 Qe5 32. Bg3 Qf6 33. Bf4 e5 34. Bd5+ Kh8 35. Bg3 Bc6 36.
e4 Bxd5 37. exd5 Qxf2+ 38. Bxf2 Na4 39. Rb4 d2 40. Rxc4 Nb2 41. Rxc3 d1=Q 42. Rxd1 Rxf2+ 43. Kg3 Nxd1 44. Rc8+ Kh7 45. d6 Rd2 46. Rd8 e4 47. d7 e3 48. Kf3 e2 49. Re8 e1=Q 50. Rxe1 Rxd7 51. Re6 Nc3 52. Ra6 Nd5 53. Ke4 Nf6+ 54. Kf5 Nxh5 55. a4 Nf6 56. a5 h5 57. Kg5 Rd5+ 58. Kh4 Rd4+ 59. Kg5 Rd7 60. Re6 Rd5+ 61. Kh4 Rxa5 62. Re7 Kg6 63. Rb7 Ra4+ 64. Kg3 a5 65. Rb5 Rg4+ 66. Kf3 a4 67. Ra5 h4 68. Kf2 h3 69. Ra8 h2 70. Rh8 Rc4 71. Kg2 a3 72.
Kxh2 Ra4 73. Rb8 a2 74. Rb6 a1=Q 75. Rxf6+ Qxf6 76. Kh3 Qc3+ 77. Kg2 Ra2+ 78. Kf1 Qa1# 0-1

[Event "*** Titled Tuesday Blitz"]
[Site "Chess.com"]
[Date "2020.05.19"]
[Round "4"]
[White "GMKrikor"]
[Black "Sibelephant"]
[Result "0-1"]
[WhiteElo "2760"]
[BlackElo "3181"]
[TimeControl "180+1"]
[EndTime "12:42:10 PDT"]
[Termination "Sibelephant won on time"]

1. Nf3 Nf6 2. c4 c6 3. Nc3 d5 4. e3 e6 5. b3 Bd6 6. Bb2 O-O 7. Qc2 e5 8. cxd5 cxd5 9. Nb5 Nc6 10. Nxd6 Qxd6 11.
d4 e4 12. Ne5 Nb4 13. Qd2 Bf5 14. a3 Na6 15. Be2 Ne8 16. h3 f6 17. Ng4 Qb6 18. O-O Nd6 19. Bc3 Rfc8 20. Rab1 Qc6 21. Rfc1 Qd7 22. Nh2 Rc6 23. Nf1 Rac8 24. Bb2 Be6 25.
Rxc6 Rxc6 26. Rc1 Rb6 27. Bd1 Rc6 28. Ng3 Nb8 29. Ne2 Bf7 30. a4 Rxc1 31. Qxc1 Nc6 32. Ba3 b6 33. Qc3 h5 34. Nf4 h4 35. Bg4 f5 36.
Be2 Kh7 37. Ba6 g5 38. Ne2 Nb8 39. Bxd6 Qxd6 40. Bb7 Be6 41. Bc8 Nc6 42. Bxe6 Qxe6 43. b4 Qd6 44. b5 Ne7 45. Nc1 f4 46. Nb3 Kg6 47. Nd2 Nf5 48. Qc8 fxe3 49. Qe8+ Kg7 50.
fxe3 Nxe3 51. Qc8 Qf6 52. Kh2 Qf4+ 53. Kg1 Qf6 54. Kh2 Nf5 55. Qd7+ Ne7 56. Kg1 Qxd4+ 57. Kh1 Kf6 58. Nf1 Qe5 59. Nh2 Qe6 60. Ng4+ Kf7 61. Qc7 e3 62. Ne5+ Kg7 63. Nc6 e2 64. Nxe7 e1=Q+ 65.
Kh2 Qxe7 0-1

[Event "*** Titled Tuesday Blitz"]
[Site "Chess.com"]
[Date "2020.05.19"]
[Round "4"]
[White "Kaua18"]
[Black "Natalya_Buksa"]
[Result "0-1"]
[WhiteElo "2326"]
[BlackElo "2558"]
[TimeControl "180+1"]
[EndTime "12:42:10 PDT"]
[Termination "Natalya_Buksa won by resignation"]

1. e4 c5 2. Nf3 Nc6 3. d4 cxd4 4. Nxd4 Nf6 5. Nc3 e5 6. Ndb5 d6 7. Bg5 a6 8. Na3 b5 9. Nd5 Be7 10. Bxf6 Bxf6 11. c3 Bg5 12. Nc2 Rb8 13. b4 O-O 14. a4 Ne7 15. axb5 axb5 16. Ra5 Nxd5 17. Qxd5 Qc7 18.
Qd3 Be6 19. h4 Bc4 20. Qf3 Bh6 21. Bd3 Ra8 22. Rxa8 Rxa8 23. O-O Ra2 24. Bxc4 Qxc4 25. Ne3 Qxc3 26. Nf5 Qxf3 27. gxf3 Bd2 28. Nxd6 Bxb4 29. Nxb5 g6 30. Kg2 Kg7 31. Nc7 Bc5 32. Nd5 f5 33. Nc7 Kf7 34. Nd5 h6 35. Kg3 Bd4 36. exf5 gxf5 37. f4 e4 38. Ne3 Bxe3 39. fxe3 Re2 40. h5 Rxe3+ 41. Kg2 Ke6 42. Ra1 Rf3 43. Ra6+ Kd5 44. Ra5+ Ke6 45. Ra6+ Kf7 46. Rxh6 Rxf4 47.
Ra6 e3 48. h6 e2 49. h7 Kg7 50. Ra7+ Kh8 51. Re7 Rh4 52. Rxe2 Kxh7 53. Kf3 Kg6 54. Re6+ Kg5 55. Re8 Rh3+ 56. Kg2 Ra3 57. Rb8 Kg4 58. Rg8+ Kf4 59. Rb8 Ra2+ 60. Kg1 Re2 61. Rh8 Kf3 62. Rh3+ Ke4 63. Ra3 f4 64. Ra8 Kf3 65. Ra3+ Re3 66. Ra1 Kg3 67. Kh1 Re2 68. Rg1+ Kf2 69. Ra1 Re1+ 70.
Rxe1 Kxe1 71. Kg2 Ke2 72. Kg1 f3 73. Kh2 f2 74. Kg2 f1=Q+ 0-1

[Event "*** Titled Tuesday Blitz"]
[Site "Chess.com"]
[Date "2020.05.19"]
[Round "4"]
[White "Gerasimenyuk_Miha"]
[Black "cstevens1"]
[Result "0-1"]
[WhiteElo "2365"]
[BlackElo "2575"]
[TimeControl "180+1"]
[EndTime "12:42:11 PDT"]
[Termination "cstevens1 won by checkmate"]

1. d4 Nf6 2. Nf3 e6 3. Bg5 h6 4. Bf4 b6 5. e3 Bb7 6. Nbd2 c5 7. c3 cxd4 8. cxd4 d6 9. Bd3 a6 10.
a3 Nbd7 11. Qe2 Be7 12. h4 b5 13. Rg1 Nd5 14. Bh2 Rc8 15. g4 N5b6 16. Ne4 Qc7 17. Nfd2 Na4 18. Nb3 Ndb6 19. Rc1 Qxc1+ 20. Nxc1 Rxc1+ 21. Kd2 Rxg1 22. Bxg1 Bxe4 23. Bxe4 Nc4+ 24.
Ke1 d5 25. Bc2 Naxb2 26. Bh2 Bxa3 27. Kf1 O-O 28. g5 hxg5 29. hxg5 g6 30. Be5 Nxe5 31.
dxe5 Nc4 32. f4 Bc1 33. e4 dxe4 34. Bxe4 Bxf4 35. Bb7 Bxe5 36. Bxa6 Bf4 37. Bxb5 Ne3+ 38. Kg1 Bxg5 39. Bd3 Kg7 40. Qb2+ Bf6 41. Qe2 Nd5 42. Be4 Rd8 43. Qf3 Nc3 44. Bc6 Rd2 45. Be4 Ne2+ 46. Kf1 Nd4 47. Qf4 Rb2 48. Bd3 Rb3 49.
Qe4 Rb4 50. Qa8 Rb3 51. Bc4 Rc3 52. Qa6 Nf5 53. Bd3 Rc8 54. Ke2 Nd4+ 55. Kf1 Rd8 56.
Be2 Nf5 57. Bf3 Rd2 58. Be2 Ng3+ 59. Kg2 Nxe2 60. Kf3 Rb2 61. Qa3 Nd4+ 62. Ke3 Nf5+ 63. Kf3 Rh2 64. Qa8 Rh3+ 65. Kg4 Rg3+ 66. Kf4 Bg5+ 67.
Ke4 Re3# 0-1

[Event "*** Titled Tuesday Blitz"]
[Site "Chess.com"]
[Date "2020.05.19"]
[Round "4"]
[White "yarosavich"]
[Black "karinachess1"]
[Result "1-0"]
[WhiteElo "2693"]
[BlackElo "2492"]
[TimeControl "180+1"]
[EndTime "12:42:12 PDT"]
[Termination "yarosavich won on time"]

1. d4 Nf6 2. c4 d6 3. Nf3 g6 4.
Nc3 Bg7 5. e4 O-O 6. Be2 e5 7.
Be3 Ng4 8. Bg5 f6 9. Bc1 Nc6 10. d5 Ne7 11. h3 Nh6 12. h4 Bg4 13. Qb3 Rb8 14. Bxh6 Bxh6 15. Ng5 fxg5 16. Bxg4 gxh4 17. Rxh4 Kg7 18. Rh3 Ng8 19. Ke2 Qg5 20. Bf3 Nf6 21.
Qc2 Rf7 22. Rah1 Ng8 23. Nd1 Rbf8 24. Ne3 Rf4 25. Rg3 Qe7 26. Nf5+ R8xf5 27. exf5 e4 28. Bxe4 Rxe4+ 29. Kd1 Rd4+ 30. Rd3 Qe4 31. Rxd4 Qxd4+ 32. Ke2 Nf6 33. fxg6 hxg6 34. Qc3 Qxc3 35. bxc3 Ne4 36. f3 Nxc3+ 37. Kd3 Na4 38. Re1 Nc5+ 39. Kd4 Kf7 40. Rh1 Bg7+ 41. Ke3 a5 42. g4 a4 43. f4 a3 44. Rb1 b6 45. Rb4 Bb2 46. Kd2 Kf6 47. Kc2 Ne4 48. Ra4 Nc3 49. Ra7 Nxa2 50. Rxc7 Nb4+ 51. Kb3 Nd3 52. Rc6 Nxf4 53. Rxd6+ Ke5 54.
Rxb6 g5 55. Rb8 Nd3 56. Re8+ Kf6 57. d6 Nc5+ 58. Ka2 Be5 59. Rf8+ Ke6 60. Rg8 Bf4 61.
Rg6+ Kd7 62. Rh6 Ne6 63. Kxa3 Kxd6 64. Kb4 Kd7 65. Kc3 Be3 66. Kd3 Bf4 67. Ke4 Nc5+ 68. Kd5 Nd3 69. Rh7+ Kd8 70. c5 Kc8 71. c6 Nb4+ 72.
Kc5 Na6+ 73. Kb6 Nc7 74. Rh8+ 1-0

[Event "*** Titled Tuesday Blitz"]
[Site "Chess.com"]
[Date "2020.05.19"]
[Round "4"]
[White "AnnaChessLook"]
[Black "Grandmaster2B"]
[Result "1-0"]
[WhiteElo "2220"]
[BlackElo "2395"]
[TimeControl "180+1"]
[EndTime "12:42:12 PDT"]
[Termination "AnnaChessLook won by resignation"]

1. d4 Nf6 2. c4 e6 3. Nf3 b6 4. g3 Ba6 5. Qc2 Bb7 6. Bg2 c5 7. d5 exd5 8. cxd5 d6 9. O-O Nbd7 10. Nc3 Be7 11. e4 O-O 12. a4 a6 13. Bf4 Qc7 14.
Nd2 Rfe8 15. Nc4 Bf8 16. Rfe1 Ng4 17. Qb3 Rab8 18. Rad1 Ba8 19. h3 Nge5 20. Nxe5 Nxe5 21. Bxe5 dxe5 22. Qc4 Bb7 23. b4 Rbc8 24. b5 a5 25. Nb1 Bd6 26. Nd2 g6 27. Rc1 Rf8 28. g4 Kg7 29. Rc3 f6 30. Qe2 Kh8 31. Nc4 Rcd8 32.
Kh2 Rf7 33. Rg3 Rff8 34. Rf3 Be7 35. Qd2 Kg7 36. h4 Bd6 37. h5 Bc8 38. h6+ Kg8 39. Rg3 Bd7 40. f3 Rb8 41. Bf1 Rf7 42. Qe3 Rff8 43.
Qd2 Kh8 44. Bd3 Rbe8 45. Kg2 f5 46. gxf5 gxf5 47. exf5 Bxf5 48. Bxf5 Rxf5 49. Re4 Ref8 50.
Reg4 Be7 51. Rg7 e4 52. d6 Qd7 53. dxe7 exf3+ 54. Kf1 Qxd2 55. Nxd2 Re8 56. Kf2 Re5 57. Rxf3 R5xe7 58. Rxe7 Rxe7 59. Re3 Rf7+ 60. Rf3 Rd7 61. Nc4 Kg8 62. Nxb6 Rd4 63. Re3 Kf7 64. Kf3 Rd6 65. Nc4 Rd4 66. Re4 Rd3+ 67. Kf4 Rh3 68. Ne5+ Ke6 69. Ng4+ Kd6 70. Re5 Rh4 71. Rf5 c4 72. Kg3 c3 73. Kxh4 c2 74. Rf1 Kc5 75. Rc1 1-0

[Event "*** Titled Tuesday Blitz"]
[Site "Chess.com"]
[Date "2020.05.19"]
[Round "4"]
[White "yuki_chess123"]
[Black "MathiasWomacka"]
[Result "1/2-1/2"]
[WhiteElo "2148"]
[BlackElo "2375"]
[TimeControl "180+1"]
[EndTime "12:42:12 PDT"]
[Termination "Game drawn by agreement"]

1. Nf3 c5 2. e4 d6 3. Bb5+ Nd7 4. c4 Nf6 5. Nc3 g6 6. d4 cxd4 7. Nxd4 Bg7 8. O-O O-O 9. Bxd7 Bxd7 10. b3 a6 11. Bb2 b5 12. cxb5 axb5 13. Re1 b4 14. Nd5 Nxd5 15. exd5 Re8 16. Qd2 Qa5 17. Nc6 Bxc6 18.
dxc6 Bxb2 19. Qxb2 e6 20. Re2 Rac8 21. Rc1 Rc7 22. Qd2 d5 23. Qf4 Rec8 24. Rec2 Qb6 25. Qd6 Qd4 26. g3 h5 27. h4 e5 28. Rc5 e4 29. Qxd5 Qxd5 30. Rxd5 Rxc6 31. Rxc6 Rxc6 32. Rb5 e3 33. fxe3 Rc1+ 34. Kf2 Rc2+ 35. Kf3 Rxa2 36. Rxb4 Kg7 37. Rb8 Rb2 38. b4 Kf6 39. b5 Ke5 40.
b6 Kf5 41. b7 Kf6 42. Kf4 Rb4+ 43. e4 Rb5 44. Ke3 Kg7 45. Kd4 Rb1 46. Kc5 Rb2 47. e5 Rb1 48. Kd6 Rb2 49. Kc6 Rc2+ 50. Kd7 Rb2 51.
e6 fxe6 52. Kxe6 Rb6+ 53. Kd7 Rb1 54. Kc6 Rc1+ 55. Kd5 Rb1 56. Ke4 Rb2 57. Kf4 Rb1 58. Kf3 Rb2 59. Kf4 Rb5 60. g4 hxg4 61. Kxg4 Rb4+ 62.
Kg3 Rb1 63. Kf4 Rb4+ 64. Ke5 Rb1 65. Kd6 Rb2 66. Kc6 Rc2+ 67. Kd5 Rb2 68. Ke4 Rb1 69. Kd5 1/2-1/2

[Event "*** Titled Tuesday Blitz"]
[Site "Chess.com"]
[Date "2020.05.19"]
[Round "4"]
[White "GHANDEEVAM2003"]
[Black "Man-Chuk"]
[Result "0-1"]
[WhiteElo "2903"]
[BlackElo "2735"]
[TimeControl "180+1"]
[EndTime "12:42:13 PDT"]
[Termination "Man-Chuk won by resignation"]

1. Nf3 d5 2. c4 e6 3. g3 dxc4 4. Bg2 Nd7 5. Qa4 a6 6. Qxc4 b5 7.
Qc2 Bb7 8. O-O c5 9. a4 Ngf6 10. d3 Be7 11. Nc3 Qb6 12. Be3 O-O 13. b4 Rac8 14.
axb5 axb5 15. Rfb1 Ng4 16. Qd2 Nxe3 17. Qxe3 Bf6 18. Qd2 cxb4 19. Ne4 Bxa1 20. Rxa1 Bxe4 21. dxe4 Nf6 22. Qxb4 Qc5 23. Rb1 Qxb4 24. Rxb4 Rc1+ 25. Bf1 Rb8 26. e3 Ra1 27. Kg2 Ra4 28. Rxb5 Rxb5 29.
Bxb5 Rxe4 30. Nd4 Re5 31. Be2 Ra5 32. h3 g6 33. g4 Kg7 34. Bf3 Ra2 35. Nc6 h5 36.
Kg3 h4+ 37. Kg2 g5 38. Ne5 Ne8 39. Bc6 Nd6 40. Kg1 Kf6 41. Nd7+ Ke7 42. Ne5 f6 43. Nd3 Rd2 44. Ne1 Rd1 45. Kf1 Rc1 46. Bf3 Nc4 47.
Ke2 Ne5 48. Be4 Ra1 49. Bg2 Ra2+ 50. Kf1 Kd6 51. Be4 Nc4 52. Bd3 Nd2+ 53. Kg2 Ke5 54. Nc2 Ne4 55. Kf3 f5 56. gxf5 exf5 57. Kg2 Nc5 58.
Nb4 Rb2 59. Nc6+ Kd6 60. Bxf5 Kxc6 61. Kf3 Kd6 62. Kg4 Rxf2 63. Kxg5 Ke5 64. Bg4 Ne4+ 65. Kxh4 Rf1 66. Kh5 Re1 67. Kg6 Rxe3 68. Kf7 Ng5+ 0-1

[Event "*** Titled Tuesday Blitz"]
[Site "Chess.com"]
[Date "2020.05.19"]
[Round "4"]
[White "Kopytkin"]
[Black "DanielDardha2005"]
[Result "0-1"]
[WhiteElo "2346"]
[BlackElo "2642"]
[TimeControl "180+1"]
[EndTime "12:42:13 PDT"]
[Termination "DanielDardha2005 won on time"]

1. e4 c5 2. c3 Nf6 3. e5 Nd5 4. Nf3 Nc6 5. d4 cxd4 6. cxd4 d6 7. Bc4 e6 8. O-O Be7 9. Nc3 Nxc3 10. bxc3 dxe5 11. dxe5 Qc7 12. Qe2 O-O 13. Re1 b6 14.
Bg5 Bb7 15. Bd3 Rfd8 16. Rad1 Na5 17. h4 h6 18. Bf4 Qxc3 19. Qe3 Qc5 20. Bxh6 Qxe3 21.
Bxe3 Rac8 22. Bg5 Kf8 23. Be2 Bd5 24. Bxe7+ Kxe7 25. Rd2 Nc6 26. Red1 Bxf3 27. Rxd8 Rxd8 28. Rxd8 Kxd8 29. Bxf3 Nxe5 30. Be2 Ke7 31. f4 Ng6 32. g3 Kd6 33. Kf2 f5 34. Ke3 e5 35. h5 Ne7 36.
Bc4 Nd5+ 37. Kf3 e4+ 38. Kf2 Nf6 39. Be2 Kc5 40. Ke3 b5 41. g4 fxg4 42. f5 a5 43.
Kf4 Kd4 44. Bxg4 Nxg4 45. Kxg4 e3 46. h6 e2 47. h7 e1=Q 48. h8=Q Qe4+ 49. Kg5 Qg2+ 50.
Kf4 Qf2+ 51. Kg4 Qg2+ 52. Kf4 Kc4 53. Ke5 Qg5 54. Qg8+ Kb4 55. Qf8+ Ka4 56. Qf7 Qg3+ 57. Kd4 Ka3 58. Qe7+ b4 59. Qe2 a4 60. f6 Qc3+ 61. Kd5 gxf6 62. Qc4 Qxc4+ 63. Kxc4 b3 64. Kc3 bxa2 65.
Kc2 a1=Q 66. Kd2 Qb2+ 67. Kd3 Kb3 68. Ke4 a3 69. Kd5 a2 70. Kc5 a1=Q 71. Kb5 Qc3 0-1

[Event "*** Titled Tuesday Blitz"]
[Site "Chess.com"]
[Date "2020.05.19"]
[Round "4"]
[White "Parkas"]
[Black "GianmarcoVaR"]
[Result "1/2-1/2"]
[WhiteElo "2306"]
[BlackElo "2494"]
[TimeControl "180+1"]
[EndTime "12:42:13 PDT"]
[Termination "Game drawn by repetition"]

1. e4 c5 2. Ne2 d5 3. exd5 Qxd5 4. Nbc3 Qd7 5. d4 e6 6. Be3 Nf6 7. dxc5 Na6 8. Nd4 Nc7 9. Ndb5 Nfd5 10. Nxc7+ Nxc7 11.
Qf3 Qc6 12. Be2 Bd7 13. O-O-O Bxc5 14. Qg3 Bxe3+ 15. fxe3 O-O-O 16. Bf3 Qc5 17. Qxg7 Qxe3+ 18. Kb1 f5 19. Rxd7 Rxd7 20. Qxh8+ Rd8 21. Qg7 e5 22. a3 e4 23. Be2 Nd5 24. Nxd5 Rxd5 25. Qg8+ Rd8 26.
Qe6+ Kb8 27. Qe5+ Ka8 28. Rd1 Rxd1+ 29. Bxd1 a6 30. Ka2 Qd2 31. Bh5 Qxc2 32. Bf7 Qd2 33. Bd5 Qd3 34. Qe8+ Ka7 35. Qd7 Qb5 36. Qxf5 e3 37.
Qe4 e2 38. Bc4 Qxc4+ 39. Qxc4 e1=Q 40. Qd4+ Ka8 41. Qh8+ Ka7 42. Qd4+ Ka8 43. Qd5 Qh4 44. h3 Qg3 45. Qe4 Ka7 46. Qf3 Qg8+ 47. Qb3 Qxg2 48. Qe3+ Ka8 49. Qe8+ Ka7 50. Qe6 Qg3 51. Qd5 Qh4 52.
Qc5+ Ka8 53. Qf8+ Ka7 54. Qc5+ Kb8 55. Qd6+ Kc8 56. Qe6+ Kc7 57. Qf7+ Kc6 58. Qe6+ Kc7 59. Qe5+ Kd7 60. Qd5+ Kc8 61. Ka1 Qe1+ 62. Ka2 Qe7 63. Qc4+ Qc7 64. Qg8+ Qd8 65. Qxh7 Qd5+ 66. Ka1 Qh1+ 67. Ka2 Qd5+ 68. Kb1 Qd1+ 69. Ka2 Qd5+ 1/2-1/2